 Dungeon Crawl Stone Soup version 0.25.1-2-g60ff931df9 (webtiles) character file.

Game seed: 15224658727980651633

15250 Voril the Severer (level 11, 0/101 HPs)
             Began as a Minotaur Berserker on Aug 26, 2020.
             Was an Elder of Trog.
             Slain by a nine-headed hydra (3 damage)
             ... while petrified by a basilisk
             ... on level 3 of the Lair of Beasts.
             The game lasted 01:13:39 (12099 turns).

Voril the Severer (Minotaur Berserker)             Turns: 12099, Time: 01:13:40

Health: 0/101      AC: 22    Str: 26    XL:     11   Next: 99%
Magic:  10/10      EV:  2    Int:  4    God:    Trog [****..]
Gold:   630        SH:  0    Dex:  9    Spells: 10/10 levels left

rFire    . . .     SeeInvis .   E - +4 hand axe (vorpal)
rCold    + . .     Gourm    .   A - +0 kite shield
rNeg     + + +     Faith    .   t - +0 plate armour
rPois    ∞         Spirit   .   (helmet restricted)
rElec    .         Reflect  .   j - +2 cloak
rCorr    .         Harm     .   s - +0 pair of gloves
MR       .....                  B - +0 pair of boots {run}
Stlth    ..........             f - amulet of regeneration
HPRegen  0.66/turn              e - +4 ring of evasion
MPRegen  0.12/turn              F - ring of protection from cold

@: petrified, berserk cooldown, slowed, quick
A: retaliatory headbutt, horns 2, blurry vision 1
a: Berserk, Trog's Hand, Brothers in Arms, Renounce Religion


You were on level 3 of the Lair of Beasts.
You worshipped Trog.
Trog was greatly pleased with you.
You were very hungry.

You visited 3 branches of the dungeon, and saw 14 of its levels.

You collected 630 gold pieces.

Inventory:

Hand Weapons
 a - a +1 hand axe
 E - a +4 vorpal hand axe (weapon)
Missiles
 d - 408 stones (quivered)
 q - 13 boomerangs
Armour
 j - a +2 cloak (worn)
 s - a +0 pair of gloves (worn)
 t - a +0 plate armour (worn)
 A - a +0 kite shield (worn)
 B - a +0 pair of boots of running (worn)
Jewellery
 e - a +4 ring of evasion (left hand)
 f - an amulet of regeneration (around neck)
 F - a ring of protection from cold (right hand)
Wands
 g - a wand of flame (18)
 u - a wand of iceblast (18)
 x - a wand of acid (6)
 L - a wand of polymorph (13)
 O - a wand of digging (4)
Scrolls
 l - 2 scrolls of enchant weapon
 n - a scroll of enchant armour
 p - 3 scrolls of identify
 r - 3 scrolls of teleportation
 v - a scroll of torment {unknown}
 y - a scroll of magic mapping {unknown}
 z - 6 scrolls of remove curse
 C - a scroll of brand weapon {unknown}
 G - 5 scrolls of blinking
 H - 2 scrolls of fear {unknown}
 M - a scroll of holy word {unknown}
 N - a scroll of amnesia {unknown}
Potions
 b - a potion of heal wounds
 i - 9 potions of curing
 k - 2 potions of degeneration
 w - 3 potions of stabbing {unknown}
 I - 2 potions of might {unknown}
 K - a potion of resistance
Comestibles
 c - 18 rations


   Skills:
 + Level 10.5 Fighting
 * Level 16.2 Axes
 + Level 12.6 Armour
 - Level 2.1 Dodging
 - Level 1.0 Stealth
 - Level 1.1 Shields


You had 10 spell levels left.
You didn't know any spells.
Your spell library was empty.

Dungeon Overview and Level Annotations

Branches:
Dungeon (10/15)            Temple (1/1) D:6            Lair (3/6) D:10
    Orc (0/2) D:10
  Swamp: Lair:2-4    Shoals: Lair:2-4     Snake: Lair:2-4    Spider: Lair:2-4

Altars:
Ashenzari
Cheibriados
Dithmenos
Elyvilon
Fedhas
Gozag
Hepliaklqana
Kikubaaqudgha
Makhleb
Nemelex Xobeh
Okawaru
Qazlal
Sif Muna
Trog
Uskayaw
Vehumet
Wu Jian
Xom
Yredelemnul
Zin
The Shining One
Beogh

Portals:
Trove: D:10 (give horn of Geryon)

Annotations:
D:6 3 runed translucent doors, ZZKoverts's ghost, novice HOFi
D:9 2 transporters, viperstalker's ghost, novice CeFi


Innate Abilities, Weirdness & Mutations

You reflexively headbutt those who attack you in melee.
You have a pair of horns on your head.
Scrolls take you a little longer to read.


Message History

* * * LOW HITPOINT WARNING * * *
The nine-headed hydra bites you but does no damage. x2
The nine-headed hydra bites you.
* * * LOW HITPOINT WARNING * * *
The nine-headed hydra bites you but does no damage. x4
The nine-headed hydra completely misses you.
A dream sheep comes into view.
The basilisk gazes at you. You resist with some effort.
The sentinel's mark upon you fades away.
The water moccasin bites you but does no damage.
The yak gores you!
* * * LOW HITPOINT WARNING * * *
The hippogriff bites you but does no damage.
The hippogriff pecks you but does no damage.
The hippogriff claws you but does no damage.
The nine-headed hydra bites you.
* * * LOW HITPOINT WARNING * * *
The nine-headed hydra bites you!
You die...

.......## #........
#....... ##.#...Y..
#.....# #..#...... #
#.....## #.........
###......## ##........
##P.......## ####r..#..#PP
.........#.###..F#Y.......
...............SYDl.......
..............rl@HSr......
#...######..#...###..#..##
##### #.####### ###### ##


You could see a nine-headed hydra, a komodo dragon, a hippogriff, 2 yaks, a
spiny frog, a basilisk, 2 water moccasins, a dream sheep and 3 porcupines.

Vanquished Creatures
  Snorg (D:10)
  2 hydras
  A catoblepas (Lair:2)
  5 spiny frogs
  2 black mambas (Lair:2)
  Maggie (D:7)
  3 komodo dragons (Lair:2)
  2 trolls (D:9)
  3 blink frogs (Lair:2)
  2 hippogriffs
  11 yaks
  3 basilisks
  Edmund (D:4)
  The ghost of Bvern the Grave Robber, an amateur OpNe (D:4)
  3 water moccasins
  8 porcupines
  2 black bears
  A sky beast (D:7)
  4 orc warriors
  4 phantoms
  A centaur (D:5)
  The ghost of Bliebski the Insei, an amateur OpTm (D:3)
  3 crocodiles
  3 big kobolds
  9 bullfrogs
  A water moccasin zombie (D:9)
  6 scorpions (D:7)
  5 wights (D:9)
  A howler monkey (D:4)
  3 crimson imps
  2 centaur zombies
  7 jellies
  A hound (D:9)
  2 centaur skeletons
  3 orc priests
  3 bullfrog skeletons
  4 orc wizards
  Jessica (D:3)
  A gnoll shaman (D:7)
  Ijyb (D:4)
  5 iguanas
  6 worker ants
  2 worker ant zombies
  13 gnolls
  12 adders
  A shadow imp (D:6)
  An ooze (D:3)
  3 adder zombies
  2 adder skeletons
  4 worms
  4 dart slugs (D:1)
  26 orcs
  11 bats
  4 giant cockroaches
  16 goblins
  5 hobgoblins
  8 jackals
  15 kobolds
  2 quokkas (D:4)
  3 ball pythons
  3 frilled lizards (D:2)
  10 rats
  A spectral orc (D:9)
  3 fungi
  A plant (D:3)
279 creatures vanquished.

Vanquished Creatures (collateral kills)
  A troll (D:10)
  An orc warrior (D:10)
  5 ogres (D:10)
  A big kobold (D:10)
  3 gnoll sergeants (D:10)
  A gnoll (D:10)
  4 orcs (D:10)
16 creatures vanquished.

Vanquished Creatures (others)
  A quokka (D:7)
  2 fungi
  3 plants
6 creatures vanquished.

Grand Total: 301 creatures vanquished

Notes
Turn   | Place    | Note
-------+----------+-------------------------------------------
     0 | D:1      | Voril the Minotaur Berserker began the quest for the Orb.
     0 | D:1      | Reached XP level 1. HP: 19/19 MP: 0/0
   311 | D:1      | Reached skill level 4 in Axes
   358 | D:1      | Reached XP level 2. HP: 27/27 MP: 1/1
   852 | D:1      | Reached XP level 3. HP: 33/33 MP: 2/2
  1207 | D:2      | Found a shimmering blue altar of Sif Muna.
  1282 | D:2      | Reached skill level 5 in Axes
  1310 | D:2      | Reached ** piety under Trog
  1889 | D:3      | Reached XP level 4. HP: 40/40 MP: 3/3
  2095 | D:3      | Found a shattered altar of Ashenzari.
  2161 | D:3      | Reached skill level 6 in Axes
  2161 | D:3      | Reached XP level 5. HP: 47/47 MP: 4/4
  2175 | D:3      | Found a runed translucent gate.
  2175 | D:3      | Found a runed translucent gate.
  2175 | D:3      | Found a runed translucent gate.
  2183 | D:3      | Identified the +8 dagger "Tosi" {drain, +Rage MP+9 Int-4}
  2187 | D:3      | Noticed Bliebski's ghost (amateur OpTm)
  2307 | D:3      | Reached skill level 7 in Axes
  2307 | D:3      | Reached XP level 6. HP: 53/53 MP: 5/5
  2307 | D:3      | Killed Bliebski's ghost
  2307 | D:3      | Reached *** piety under Trog
  2521 | D:3      | Noticed Jessica
  2527 | D:3      | Killed Jessica
  2825 | D:4      | Reached skill level 8 in Axes
  2868 | D:4      | Noticed Ijyb
  2878 | D:4      | Killed Ijyb
  2878 | D:4      | Reached XP level 7. HP: 57/60 MP: 6/6
  2963 | D:4      | Reached skill level 9 in Axes
  2966 | D:4      | Reached skill level 5 in Fighting
  3181 | D:4      | Found a burning altar of Makhleb.
  3323 | D:4      | Noticed Edmund
  3341 | D:4      | Killed Edmund
  3341 | D:4      | Reached skill level 10 in Axes
  3341 | D:4      | Reached skill level 5 in Armour
  3341 | D:4      | Reached skill level 1 in Stealth
  3341 | D:4      | Reached XP level 8. HP: 68/68 MP: 7/7
  3348 | D:4      | Found a glowing golden altar of the Shining One.
  3473 | D:4      | Found a runed translucent door.
  3473 | D:4      | Noticed Bvern's ghost (amateur OpNe)
  3490 | D:4      | Killed Bvern's ghost
  3490 | D:4      | Reached **** piety under Trog
  3681 | D:5      | Entered Level 5 of the Dungeon
  3901 | D:5      | Gained mutation: Scrolls take you a little longer to read.
                  | [potion of mutation]
  3901 | D:5      | Gained mutation: You are clumsy. (Dex -2) [potion of
                  | mutation]
  3901 | D:5      | Lost mutation: You are clumsy. (Dex -2) [potion of
                  | mutation]
  3955 | D:5      | Found a glowing silver altar of Zin.
  3990 | D:5      | Reached skill level 11 in Axes
  4651 | D:6      | Found an ornate altar of the Wu Jian Council.
  4691 | D:6      | Found a bloodstained altar of Trog.
  4739 | D:6      | Got a steaming ring mail
  4742 | D:6      | Identified the cursed +1 ring mail of Enugocuf {Regen+
                  | Int+3 Dex-2} (You found it on level 6 of the Dungeon)
  4983 | D:6      | Found a runed translucent gate.
  4983 | D:6      | Noticed ZZKoverts's ghost (novice HOFi)
  5016 | D:6      | Found a staircase to the Ecumenical Temple.
  5057 | D:6      | Reached skill level 12 in Axes
  5132 | D:6      | Reached XP level 9. HP: 65/75 MP: 8/8
  5166 | Temple   | Entered the Ecumenical Temple
  5675 | D:6      | Found a runed translucent gate.
  5675 | D:6      | Found a runed translucent gate.
  5675 | D:6      | Identified the +7 short sword "Fuutinom" {freeze, +Blink
                  | Dex+4}
  5675 | D:6      | Identified the cursed +1 chain mail "Laefiopn" {MR++ Regen+
                  | rCorr Stlth-}
  5676 | D:6      | Found a roughly hewn altar of Beogh.
  5789 | D:7      | Noticed Maggie
  5808 | D:7      | Killed Maggie
  5815 | D:7      | Reached skill level 13 in Axes
  5957 | D:7      | Found a stormy altar of Qazlal.
  6029 | D:7      | Found a sparkling altar of Nemelex Xobeh.
  6054 | D:7      | Identified a +0 pair of boots of running (You found it on
                  | level 7 of the Dungeon)
  6113 | D:7      | Found a flagged portal.
  6230 | D:7      | Found a blossoming altar of Fedhas.
  6451 | D:7      | Reached ***** piety under Trog
  6451 | D:7      | Reached skill level 1 in Shields
  6641 | D:8      | Received a gift from Trog
  6924 | D:9      | Noticed a troll
  6929 | D:9      | Killed a troll
  6929 | D:9      | Reached XP level 10. HP: 86/86 MP: 9/9
  6953 | D:9      | Reached skill level 14 in Axes
  7024 | D:9      | Found a basalt altar of Yredelemnul.
  7197 | D:9      | Found a transporter.
  7203 | D:9      | Noticed viperstalker's ghost (novice CeFi)
  7203 | D:9      | Noticed a four-headed hydra
  7203 | D:9      | Noticed a catoblepas
  7207 | D:9      | Noticed a moth of wrath
  7461 | D:9      | Found a transporter.
  7602 | D:10     | Entered Level 10 of the Dungeon
  7602 | D:10     | Found a bloodstained altar of Trog.
  7632 | D:10     | Found a staircase to the Lair.
  8229 | D:10     | Noticed Snorg
  8243 | D:10     | Killed Snorg
  8243 | D:10     | Reached skill level 15 in Axes
  8286 | D:10     | Found a portal to a secret trove of treasure.
  8530 | D:10     | Found a staircase to the Orcish Mines.
  8541 | D:10     | Reached skill level 10 in Armour
  8962 | Lair:1   | Entered Level 1 of the Lair of Beasts
  8962 | Lair:1   | Noticed a spiny frog
  8970 | Lair:1   | Killed a spiny frog
  8970 | Lair:1   | Reached XP level 11. HP: 93/95 MP: 10/10
  9291 | Lair:1   | Noticed an eight-headed hydra
  9310 | Lair:1   | Killed a 16-headed hydra
  9525 | Lair:1   | Found a blossoming altar of Fedhas.
 10427 | Lair:2   | Noticed a catoblepas
 10454 | Lair:2   | Killed a catoblepas
 10794 | Lair:2   | Reached skill level 10 in Fighting
 11064 | Lair:2   | Reached skill level 16 in Axes
 11225 | Lair:2   | Noticed a six-headed hydra
 11255 | Lair:2   | Killed a 15-headed hydra
 12085 | Lair:3   | Noticed an eight-headed hydra
 12099 | Lair:3   | HP: 5/101 [yak (4)]
 12099 | Lair:3   | Slain by a nine-headed hydra

Illustrated notes

Levels and vault maps discovered:
D:1:      minmay_arrival_shattered_statue, layout_loops_corners
D:2:      layout_basic, led_sif_pool
D:3:      layout_rooms, nicolae_overflow_crystal_walls, first_ration,
          gammafunk_ghost_nasty_kobolds, uniq_jessica
D:4:      minmay_spotlight, layout_basic, nicolae_tso_swordbearing_angel,
          lemuel_coloured_pillars_altar, gammafunk_ghost_grave, uniq_edmund,
          uniq_ijyb
D:5:      layout_loops_ring, lemuel_crystal_altar
D:6:      layout_basic, nicolae_overflow_hidden_temple, kennysheep_mini_moat,
          minmay_temple_entry_ruins, biasface_ghost_orc_armoury,
          serial_bayou_pond_c, bh_walls_and_bars
D:7:      old_forge, layout_rooms, grunt_temple_overflow_forces_of_nature,
          lemuel_crystal_altar, enter_bailey_2, solitary_fountain, uniq_maggie
D:8:      layout_layer_cave, nicolae_ru_the_path_less_chosen, serial_shops,
          shop, david_nohive_1, uniq_grum
D:9:      layout_rooms, yredelemnul_forgotten_temple_becter,
          gammafunk_ghost_berserking_beasts
D:10:     layout_loops_ring, minmay_lair_entry_grove,
          kennysheep_orc_monster_closet_entryway, basic_altar, enter_trove_0,
          uniq_snorg
Temple:   chequers_temple_sunken
Lair:1:   layout_cave_pods, basic_altar, beast_lair_carwin_11
Lair:2:   layout_gridlike
Lair:3:   layout_chaotic_city, lemuel_fruit_tree, infiniplex_staircase_pool,
          grunt_megastairs_3

Skill      XL: |  1  2  3  4  5  6  7  8  9 10 11 |
---------------+----------------------------------+-----
Axes           | 4 5 6 7 8 10 12 13 15 16 | 16.2
Fighting       | 4 5 7 8 10 | 10.5
Armour         | 3 4 5 6 8 10 12 | 12.6
Stealth        | 1 |  1.0
Shields        | 1 |  1.1
Dodging        | |  2.1

Action                   |  1- 3 |  4- 6 |  7- 9 | 10-12 || total
-------------------------+-------+-------+-------+-------++-------
Melee: Hand axe          |    81 |    99 |   413 |   311 ||   904
       Headbutt          |    11 |    26 |    81 |    67 ||   185
Throw: Stone             |    54 |    30 |    42 |    13 ||   139
Invok: Berserk           |       |     2 |     6 |     7 ||    15
       Brothers in Arms  |       |       |       |     1 ||     1
Evoke: Wand              |       |       |     4 |     2 ||     6
  Use: Scroll            |     5 |     1 |     5 |     5 ||    16
       Potion            |     4 |       |     7 |     1 ||    12
 Stab: Held in net/web   |       |       |     1 |       ||     1
  Eat: Chunk             |     3 |     5 |    15 |     8 ||    31
       Ration            |       |       |     2 |     3 ||     5
Armor: Ring mail         |    12 |       |       |       ||    12
       Scale mail        |     2 |     8 |       |       ||    10
       Plate armour      |       |    20 |   200 |   241 ||   461
Dodge: Dodged            |    62 |    51 |   183 |    98 ||   394
Block: Kite shield       |       |       |    38 |    93 ||   131
